 Dungeon Crawl Stone Soup version 0.27-a0-1565-gad902ab807 (webtiles) character file.

Game seed: 5069960402519797333

1763 ezpacito the Skirmisher (level 8, -3/93 HPs)
             Began as a Demonspawn Abyssal Knight on July 17, 2021.
             Was a Priest of Lugonu.
             Slain by a killer bee (5 damage)
             ... on level 6 of the Dungeon.
             The game lasted 00:07:51 (6269 turns).

ezpacito the Skirmisher (Demonspawn Abyssal Knight) Turns: 6269, Time: 00:07:52

Health: -3/93      AC:  8    Str: 13    XL:     8   Next: 79%
Magic:  12/12      EV: 12    Int: 15    God:    Lugonu [***...]
Gold:   303        SH:  0    Dex: 11    Spells: 10/12 levels left

rFire    + . .     SeeInvis +   a - +1 hand axe
rCold    + . .     Faith    .   (no shield)
rNeg     . . .     Spirit   .   j - +1 leather armour {Will+}
rPois    +         Reflect  .   (no helmet)
rElec    +         Harm     .   i - +1 cloak {rPois}
rCorr    +         Rampage  .   (no gloves)
Will     +....     Rnd*Tele +   (no boots)
Stlth    ..........             (no amulet)
HPRegen  1.25/turn              r - ring of see invisible
MPRegen  0.13/turn              (no ring)

@: berserking, lethally poisoned (-3 -> -5), resistant, very quick
A: demonic guardian 2, powered by death 1, sharp scales 2, see invisible, clumsy
1, teleportitis 1
a: Renounce Religion, Depart the Abyss, Bend Space, Banish


You were on level 6 of the Dungeon.
You worshipped Lugonu.
Lugonu was most pleased with you.
You visited 1 branch of the dungeon, and saw 6 of its levels.
You visited the Abyss 1 time.
You also visited: Sewer.

You collected 303 gold pieces.

Inventory:

Hand Weapons
 a - a +1 hand axe (weapon)
 l - a +4 quarterstaff of chaos
Missiles
 f - 189 stones
 u - 4 javelins
Armour
 c - a +0 chain mail
 i - a +1 cloak of poison resistance (worn)
 j - a +1 leather armour of willpower (worn)
 k - a scarf of repulsion
 o - a +0 troll leather armour {Purgy}
Jewellery
 r - a ring of see invisible (left hand)
Scrolls
 m - a scroll of teleportation
Potions
 d - 3 potions of haste
 g - 2 potions of magic


   Skills:
 + Level 5.2 Fighting
 + Level 4.9 Axes
 + Level 4.1 Armour
 + Level 3.7 Dodging
 - Level 1.1 Stealth
 + Level 2.8 Spellcasting
 + Level 2.6 Transmutations
 + Level 2.7 Earth Magic
 + Level 5.2 Invocations


You had 10 spell levels left.
You knew the following spells:

 Your Spells              Type           Power      Damage    Failure   Level
a - Passwall              Tmut/Erth      8%         N/A       13%         2

Your spell library contained the following spells:

 Spells                   Type           Power      Damage    Failure   Level
 Swiftness                Air            2%         N/A       58%         3
 Invisibility             Hex            1%         N/A       100%        6


Dungeon Overview and Level Annotations

Branches:
Dungeon (6/15)             Temple (0/1) D:4           Sewer (visited)

Altars:
Ashenzari
Makhleb
Nemelex Xobeh
Ru
Trog
Uskayaw
Zin


Innate Abilities, Weirdness & Mutations

A demonic guardian rushes to your aid.
You regenerate a little health from kills.
You are mostly covered in razor-sharp scales. (AC +2, Slay +2)
You have supernaturally acute eyesight. (SInv)
You are clumsy. (Dex -2)
You are occasionally teleported next to monsters.


Message History

You barely miss the killer bee.
You feel sick. The killer bee stings you.
* * * LOW HITPOINT WARNING * * *
The killer bee barely misses you. The killer bee completely misses you.
You completely miss the killer bee. You miss the killer bee.
You slash the killer bee!
You kill the killer bee!
Lugonu accepts your kill.
You feel sick.
The killer bee stings you but does no damage.
The killer bee closely misses you.
You miss the killer bee. You slash the killer bee!
You feel sick. The killer bee stings you!
* * * LOW HITPOINT WARNING * * *
A demonic guardian appears!
The killer bee stings you but does no damage.
The killer bee closely misses you.
The killer bee stings you but does no damage.
You completely miss the killer bee.
The killer bee is severely wounded.
You hit the killer bee but do no damage.
You feel sick. The killer bee stings you.
* * * LOW HITPOINT WARNING * * *
You are more poisoned.
The killer bee poisons you! The killer bee barely misses you.
You miss the killer bee.
The killer bee is severely wounded.
You hit the killer bee.
* * * LOW HITPOINT WARNING * * *
You feel very sick. The killer bee closely misses you.
The killer bee stings you but does no damage.
The killer bee stings you.
* * * LOW HITPOINT WARNING * * *
The killer bee misses you.
You closely miss the killer bee.
The killer bee is severely wounded.
You hit the killer bee.
* * * LOW HITPOINT WARNING * * *
You feel sick. The killer bee barely misses you. The killer bee stings you.
You die...

###+# .
##+####...###..
..............>
...............
......y@4......
#...>##y###########
### #.O...........
#.............
#.............
#.............
#.............
#....<........
#.............


You could see an ogre, 2 killer bees and a friendly hellwing (summoned).

Vanquished Creatures
  A rime drake (D:5)
  2 kobold demonologists (D:5)
  Purgy (Sewer)
  A sky beast (D:5)
  A necrophage (D:4)
  An ogre (D:5)
  2 kobold brigands (D:5)
  A scorpion (D:5)
  A killer bee (D:6)
  2 hounds (D:4)
  A jelly (D:5)
  A centaur skeleton (D:5)
  An iguana (D:4)
  A hound skeleton (D:5)
  6 gnolls
  6 adders
  3 ufetubi (D:5)
  4 worms
  A dart slug (D:4)
  5 orcs
  6 bats
  9 endoplasms
  5 giant cockroaches
  2 goblins
  7 hobgoblins
  6 ball pythons
  7 frilled lizards
  11 kobolds
  3 rats
98 creatures vanquished.

Vanquished Creatures (collateral kills)
  Crazy Yiuf (D:3)
  A gnoll (D:5)
2 creatures vanquished.

Grand Total: 100 creatures vanquished

Notes
Turn   | Place    | Note
-------+----------+-------------------------------------------
     0 | Abyss:1  | ezpacito the Demonspawn Abyssal Knight began the quest for
                  | the Orb.
     0 | Abyss:1  | Reached XP level 1. HP: 18/18 MP: 2/2
    51 | Abyss:1  | Found a corrupted altar of Lugonu.
   118 | Abyss:1  | Noticed a worldbinder
   121 | Abyss:1  | Noticed a merfolk siren
   135 | Abyss:1  | Noticed a merfolk siren
   135 | Abyss:1  | Noticed a wind drake
   138 | D:1      | Escaped the Abyss
   281 | D:1      | Found a faded altar of an unknown god.
   301 | D:1      | Reached skill level 1 in Dodging
   569 | D:1      | Gained mutation: You are partially covered in razor-sharp
                  | scales. (AC +1, Slay +1) [demonic ancestry]
   569 | D:1      | Reached XP level 2. HP: 15/24 MP: 4/4
   692 | D:1      | You fall into a shaft and drop 1 floor!
   733 | D:2      | Reached * piety under Lugonu
  1897 | D:2      | Gained mutation: You are mostly covered in razor-sharp
                  | scales. (AC +2, Slay +2) [demonic ancestry]
  1897 | D:2      | Reached XP level 3. HP: 22/29 MP: 5/5
  2641 | D:3      | Found a runed translucent door.
  2642 | D:3      | Noticed Crazy Yiuf
  2691 | D:3      | Reached ** piety under Lugonu
  2692 | D:3      | Gained mutation: A weak demonic guardian rushes to your
                  | aid. [demonic ancestry]
  2692 | D:3      | Reached XP level 4. HP: 36/36 MP: 6/6
  3034 | D:3      | Found a sparkling altar of Nemelex Xobeh.
  3067 | D:3      | Found a broken altar of Ashenzari.
  3269 | D:3      | Killed Crazy Yiuf
  3505 | D:4      | Found a staircase to the Ecumenical Temple.
  3776 | D:4      | Reached XP level 5. HP: 26/42 MP: 7/7
  3990 | D:4      | Noticed a necrophage
  4009 | D:4      | Killed a necrophage
  4010 | D:4      | Reached skill level 1 in Stealth
  4108 | D:4      | Found a hide-covered altar of Uskayaw.
  4124 | D:4      | Gained mutation: You regenerate a little health from kills.
                  | [demonic ancestry]
  4124 | D:4      | Reached XP level 6. HP: 27/48 MP: 8/8
  4550 | D:4      | Found a faded altar of an unknown god.
  4550 | D:4      | Found a bloodstained altar of Trog.
  4558 | D:4      | Found a sacrificial altar of Ru.
  4560 | D:4      | Found a burning altar of Makhleb.
  5073 | D:4      | Learned a level 2 spell: Passwall
  5114 | D:5      | Entered Level 5 of the Dungeon
  5128 | D:5      | Noticed a sky beast
  5143 | D:5      | Killed a sky beast
  5146 | D:5      | Reached skill level 1 in Spellcasting
  5155 | D:5      | Gained mutation: A demonic guardian rushes to your aid.
                  | [demonic ancestry]
  5155 | D:5      | Reached XP level 7. HP: 44/54 MP: 9/9
  5287 | D:5      | Found a glowing drain.
  5318 | Sewer    | Entered a sewer
  5364 | Sewer    | Reached *** piety under Lugonu
  5430 | Sewer    | Noticed Purgy
  5444 | Sewer    | Killed Purgy
  5445 | Sewer    | Reached skill level 1 in Transmutations
  5445 | Sewer    | Reached skill level 1 in Earth Magic
  6048 | D:5      | Noticed a kobold demonologist
  6048 | D:5      | Noticed a kobold demonologist
  6048 | D:5      | Noticed a kobold demonologist
  6058 | D:5      | Noticed a chaos spawn
  6067 | D:5      | Noticed a chaos spawn
  6070 | D:5      | Killed a kobold demonologist
  6071 | D:5      | Reached XP level 8. HP: 61/61 MP: 11/11
  6072 | D:5      | Noticed a hellwing
  6072 | D:5      | Noticed a rime drake
  6072 | D:5      | a kobold demonologist changed into a rime drake
  6076 | D:5      | Noticed a red devil
  6078 | D:5      | Killed a kobold demonologist
  6079 | D:5      | Reached skill level 5 in Fighting
  6081 | D:5      | Gained mutation: Your body sometimes deteriorates upon
                  | taking damage. [potion of mutation]
  6081 | D:5      | Gained mutation: Your spells are a little harder to cast,
                  | but a little more powerful. [potion of mutation]
  6082 | D:5      | Lost mutation: Your body sometimes deteriorates upon taking
                  | damage. [potion of mutation]
  6082 | D:5      | Lost mutation: Your spells are a little harder to cast, but
                  | a little more powerful. [potion of mutation]
  6082 | D:5      | Gained mutation: You are occasionally teleported next to
                  | monsters. [potion of mutation]
  6082 | D:5      | Gained mutation: You are clumsy. (Dex -2) [potion of
                  | mutation]
  6082 | D:5      | Gained mutation: You have supernaturally acute eyesight.
                  | (SInv) [potion of mutation]
  6089 | D:5      | Killed a rime drake
  6090 | D:5      | Reached skill level 5 in Invocations
  6268 | D:6      | HP: 4/93 [poisoned by a killer bee]
  6269 | D:6      | Slain by a killer bee

Illustrated notes

Levels and vault maps discovered:
D:1:      minmay_arrival_stair_chambers, layout_loops_ring,
          ebering_ecumenical_altar_petrified
D:2:      layout_loops_ring
D:3:      layout_basic, mainiacjoe_overflow_large_starburst,
          uniq_crazy_yiuf_cottage
D:4:      layout_layer_cave, kennysheep_little_box,
          chequers_temple_overflow_minitemple, minmay_temple_entry_mini_moons,
          hangedman_decor_peaks_small, minmay_misc_feat_x
D:5:      layout_basic, cheibrodos_sewer_entry_drain, st_stairs_3
D:6:      layout_gridville, serial_shops, nicolae_diamond_shop, minmay_pentangle

Skill      XL: |  1  2  3  4  5  6  7  8 |
---------------+-------------------------+-----
Dodging        | 1 2 3 |  3.7
Armour         | 2 3 4 |  4.1
Axes           | 2 3 4 |  4.9
Stealth        | 1 |  1.1
Fighting       | 4 5 |  5.2
Invocations    | 3 4 5 |  5.2
Spellcasting   | 1 2 |  2.8
Transmutations | 1 2 |  2.6
Earth Magic    | 1 2 |  2.7

Action                   |  1- 3 |  4- 6 |  7- 9 || total
-------------------------+-------+-------+-------++-------
Melee: Hand axe          |   114 |   133 |   109 ||   356
Invok: Depart the Abyss  |     1 |       |       ||     1
  Use: Scroll            |     5 |     5 |       ||    10
       Potion            |       |     2 |    12 ||    14
 Stab: Sleeping          |     1 |     1 |     3 ||     5
Armor: Leather armour    |    43 |    60 |    58 ||   161
Dodge: Dodged            |    64 |    91 |   108 ||   263

Table legend: (Time is in decaauts)
 A = Elapsed time spent in this place.
 B = Non-inter-level travel time spent in this place.
 C = Inter-level travel time spent in this place.
 D = Time resting spent in this place.
 E = Time spent auto-exploring this place.
 F = Levels seen in this place.
 G = Mean time per level.
                   A        B        C        D        E       F      G
               +--------+--------+--------+--------+--------+-----+--------+
         Total |   6313 |   6169 |    144 |    904 |   4426 |   8 |  789.1 |
       Dungeon |   5913 |   5769 |    144 |    904 |   4118 |   6 |  985.5 |
         Abyss |    138 |    138 |      0 |      0 |    117 |   1 |  138.0 |
         Sewer |    261 |    261 |      0 |      0 |    191 |   1 |  261.0 |
               +--------+--------+--------+--------+--------+-----+--------+

Top non-repeatable levels by time:
     D:4: 1690 daAuts
     D:1: 1411 daAuts
     D:2: 1000 daAuts
     D:3: 911 daAuts
     D:5: 883 daAuts
   Sewer: 261 daAuts
 Abyss:1: 138 daAuts
     D:6: 17 daAuts
